 Dungeon Crawl Stone Soup version 0.30-a0-1164-ge08a67761e (webtiles) character file.

Game seed: 15677158552755467780

771 NateTC the Covered (level 7, -2/53 HPs)
             Began as a Demonspawn Artificer on Apr 29, 2023.
             Slain by a bullfrog (6 damage)
             ... in a sewer.
             The game lasted 00:12:37 (2993 turns).

NateTC the Covered (Demonspawn Artificer)           Turns: 2993, Time: 00:12:38

Health: -2/53      AC: 10    Str: 15    XL:     7   Next: 53%
Magic:  8/8        EV:  7    Int: 12    God:
Gold:   139        SH:  8    Dex: 13    Spells: 7/7 levels left

rFire   + . .        r - +1 spear (venom)
rCold   + + .        b - +0 kite shield
rNeg    . . .        v - +1 scale mail {rC+}
rPois   .            u - +0 helmet
rElec   .            a - scarf {rC+ rF+}
rCorr   .            (no gloves)
SInv    .            k - +0 pair of boots
Will    .....        i - amulet of regeneration Stlth
                     (no ring)
HPRegen 1.08/turn    (no ring)
MPRegen 0.11/turn

%: no passive effects
@: no status effects
A: ignite blood 2, weakness stinger 1
a: no special abilities


You were in a sewer.
You visited 1 branch of the dungeon, and saw 4 of its levels.
You also visited: Sewer.

You collected 139 gold pieces.

Inventory:

Hand Weapons
 r - a +1 spear of venom (weapon)
Armour
 a - a scarf of resistance (worn)
 b - a +0 kite shield (worn)
 k - a +0 pair of boots (worn)
 u - a +0 helmet (worn)
 v - a +1 scale mail of cold resistance (worn)
Jewellery
 i - an amulet of regeneration (around neck)
Wands
 c - a wand of flame (2) (quivered)
 d - a wand of charming (15)
 e - a wand of iceblast (5)
Scrolls
 g - 3 scrolls of immolation
 o - a scroll of teleportation
 q - 2 scrolls of amnesia
 w - a scroll of poison {unknown}
 y - a scroll of identify
Potions
 f - a potion of heal wounds {unknown}
 h - a potion of attraction
 j - 3 potions of resistance
 l - a potion of mutation {unknown}
 m - a potion of degeneration {unknown}
 n - a potion of cancellation {unknown}
 p - a potion of lignification {unknown}
 s - a potion of curing
 t - a potion of berserk rage {unknown}
 x - a potion of haste {unknown}
 z - a potion of brilliance {unknown}


   Skills:
 - Level 3.8 Fighting
 - Level 1.3 Maces & Flails
 * Level 3.6 Polearms
 * Level 4.3 Armour
 - Level 0.8 Dodging
 - Level 0.8 Stealth
 * Level 2.4 Shields
 - Level 0.9 Spellcasting
 - Level 3.4 Evocations


You had 7 spell levels left.
You didn't know any spells.
Your spell library contained the following spells:

 Spells                   Type           Power      Damage    Failure   Level
 Cigotuvi's Dreadful Rot  Necr/Pois/Air  0%         N/A       99%         2
 Static Discharge         Conj/Air       0%         2-2/arc   99%         2
 Ignite Poison            Fire/Tmut/Pois 0%         N/A       100%        3
 Ozocubu's Armour         Ice            0%         N/A       100%        3
 Airstrike                Air            0%         2d(0-16)  100%        4
 Summon Lightning Spire   Summ/Air       0%         N/A       100%        4
 Freezing Cloud           Conj/Ice/Air   0%         6-21      100%        5
 Metabolic Englaciation   Hex/Ice        0%         N/A       100%        5
 Simulacrum               Ice/Necr       0%         N/A       100%        6


Dungeon Overview and Level Annotations

Branches:
Dungeon (4/15) Zot: 21253   Sewer (1/1) Zot: 5616
 Temple: D:4-7

Altars:
Trog


Innate Abilities, Weirdness & Mutations

Your demonic aura often causes spilled blood to erupt in flames.
You have a small tail.


Message History

You feel sick. The bullfrog hits you.
* * * LOW HITPOINT WARNING * * *
The adder bites you but does no damage. You block the bullfrog's attack.
You block the adder's attack.
You hit the adder.
The adder is almost dead.
You feel sick.
You kill the adder!
The bullfrog hits you but does no damage.
You block the ball python's attack. x2; The bullfrog completely misses you.
You closely miss the bullfrog. You tail-slap the bullfrog.
The bullfrog is lightly wounded.
You feel sick.
You are no longer poisoned.
The bullfrog hits you.
* * * LOW HITPOINT WARNING * * *
The ball python bites you but does no damage.
The ball python grabs you. The ball python constricts you.
You hit the bullfrog.
The bullfrog is moderately wounded.
The bullfrog completely misses you.
The ball python bites you but does no damage.
The ball python constricts you. You block the bullfrog's attack.
You closely miss the bullfrog.
The bullfrog is moderately wounded.
The ball python bites you but does no damage.
The ball python constricts you.
The bullfrog hits you but does no damage.
You block the ball python's attack. The ball python constricts you.
The bullfrog barely misses you.
You hit the ball python.
You kill the ball python!
The bullfrog hits you.
* * * LOW HITPOINT WARNING * * *
You barely miss the bullfrog.
You tail-slap the bullfrog, but do no damage.
The bullfrog is moderately wounded.
The bullfrog hits you but does no damage.
The bullfrog hits you.
You die...

##### ####...####
####....†....####
##...............##
#.......#†F.......# #
##......##@##......##
#
#......###..##......#
# ##.....#
#..###SS..## #
#≈†~≈≈≈# #####≈~†≈~≈#
# #≈≈~≈≈≈# #S≈~~≈~# #
#≈≈≈†~≈# #≈~~≈≈≈# #
#≈≈≈~≈~# #≈≈~~~≈# #
#≈≈~~~~# #≈≈≈~~≈# #
#≈....≈# #≈≈≈~≈~#


You could see a bullfrog.

Vanquished Creatures
  Sigmund (D:3)
  An ice beast (D:4)
  An ogre (D:3)
  A bullfrog (Sewer)
  A jelly (D:4)
  An iguana (D:3)
  Robin (D:2)
  10 adders
  9 river rats
  An ufetubus (D:3)
  3 worms
  5 orcs (D:3)
  10 endoplasms
  3 giant cockroaches
  8 goblins
  13 hobgoblins
  5 kobolds
  3 quokkas
  12 ball pythons
  5 bats
  7 frilled lizards
  30 rats
131 creatures vanquished.

Notes
Turn   | Place    | Note
-------+----------+-------------------------------------------
     0 | D:1      | NateTC the Demonspawn Artificer began the quest for the
                  | Orb.
     0 | D:1      | Reached XP level 1. HP: 15/15 MP: 1/1
   213 | D:1      | Reached skill level 2 in Armour
   216 | D:1      | Gained mutation: Your demonic aura sometimes causes spilled
                  | blood to erupt in flames. [demonic ancestry]
   216 | D:1      | Reached XP level 2. HP: 21/21 MP: 2/2
  1123 | D:2      | Gained mutation: Your demonic aura often causes spilled
                  | blood to erupt in flames. [demonic ancestry]
  1123 | D:2      | Reached XP level 3. HP: 26/27 MP: 3/3
  1241 | D:2      | Noticed Robin
  1277 | D:2      | Reached skill level 1 in Maces & Flails
  1311 | D:2      | Killed Robin
  1435 | D:2      | Gained mutation: You have a small tail. [demonic ancestry]
  1435 | D:2      | Reached XP level 4. HP: 22/22 MP: 5/5
  1863 | D:3      | Noticed Sigmund
  1875 | D:3      | Killed Sigmund
  1876 | D:3      | Reached skill level 1 in Polearms
  1876 | D:3      | Reached XP level 5. HP: 21/41 MP: 6/6
  1889 | D:3      | Reached skill level 3 in Armour
  2008 | D:3      | Reached XP level 6. HP: 47/47 MP: 7/7
  2220 | D:3      | Found a bloodstained altar of Trog.
  2561 | D:4      | Noticed an ice beast
  2576 | D:4      | Killed an ice beast
  2577 | D:4      | Reached skill level 1 in Shields
  2577 | D:4      | Reached XP level 7. HP: 51/53 MP: 8/8
  2608 | D:4      | Identified the +5 war axe "Lap Decw" {holy, rC+ Int+2}
  2630 | D:4      | Found a glowing drain.
  2672 | Sewer    | Entered a sewer
  2834 | Sewer    | Reached skill level 4 in Armour
  2993 | Sewer    | Slain by a bullfrog

Illustrated notes

Levels and vault maps discovered:
D:1:      dpeg_chamrin_arrival_tetris, layout_loops_corners
D:2:      layout_basic, uniq_robin
D:3:      layout_basic, lightli_temple_of_fire, serial_glass, glass_columns_c,
          glass_columns_c, chequers_serial_rivers_micro_e, dk_noncrumbling_4,
          minmay_cut_off, uniq_sigmund
D:4:      layout_loops_cross, nicolae_ru_the_path_less_chosen,
          lemuel_coloured_pillars_altar, cheibrodos_sewer_entry_sluice
Sewer:    sewer_minmay_w

Skill      XL: |  1  2  3  4  5  6  7 |
---------------+----------------------+-----
Armour         | 2 3 4 |  4.3
Fighting       | 2 3 |  3.8
Maces & Flails | 1 |  1.3
Polearms       | 1 2 3 |  3.6
Shields        | 1 2 |  2.4
Dodging        | |  0.8
Stealth        | |  0.8
Spellcasting   | |  0.9
Evocations     | |  3.4

Action                     |  1- 3 |  4- 6 |  7- 9 || total
---------------------------+-------+-------+-------++-------
  Melee: Club              |   186 |    35 |       ||   221
         Tailslap          |       |    18 |    22 ||    40
         Spear             |       |    95 |   167 ||   262
  Evoke: Wand              |    10 |     3 |       ||    13
    Use: Scroll            |     3 |     4 |     1 ||     8
         Potion            |       |       |     1 ||     1
   Stab: Sleeping          |     1 |       |       ||     1
 Armour: Leather armour    |    46 |       |       ||    46
         Scale mail        |    72 |    37 |   191 ||   300
  Dodge: Dodged            |   126 |    48 |   130 ||   304
  Block: Kite shield       |       |    17 |   125 ||   142

Table legend: (Time is in decaauts)
 A = Elapsed time spent in this place.
 B = Non-inter-level travel time spent in this place.
 C = Inter-level travel time spent in this place.
 D = Time resting spent in this place.
 E = Time spent auto-exploring this place.
 F = Levels seen in this place.
 G = Mean time per level.
                   A        B        C        D        E       F      G
               +--------+--------+--------+--------+--------+-----+--------+
         Total |   3128 |   2927 |    201 |    256 |   1132 |   5 |  625.6 |
       Dungeon |   2746 |   2545 |    201 |    242 |   1125 |   4 |  686.5 |
         Sewer |    382 |    382 |      0 |     14 |      7 |   1 |  382.0 |
               +--------+--------+--------+--------+--------+-----+--------+

Top non-repeatable levels by time:
     D:1: 1099 daAuts
     D:2: 785 daAuts
     D:3: 665 daAuts
   Sewer: 382 daAuts
     D:4: 196 daAuts
